 Dungeon Crawl Stone Soup version 0.28.0-53-g5a82cb258f (webtiles) character file.

Game seed: 17533280399871904349

804 mortz the Slasher (level 7, -3/60 HPs)
             Began as a Hill Orc Monk on July 16, 2022.
             Was a Believer of Beogh.
             Slain by a gnoll shaman
             ... wielding a +0 club
              (5 damage)
             ... on level 5 of the Dungeon.
             The game lasted 00:24:14 (4376 turns).

mortz the Slasher (Hill Orc Monk)                   Turns: 4376, Time: 00:24:15

Health: -3/60      AC: 10    Str: 16    XL:     7   Next: 91%
Magic:  7/7        EV:  7    Int: 10    God:    Beogh [**....]
Gold:   115        SH:  0    Dex: 13    Spells: 6/6 levels left

rFire   . . .      SeeInvis .   a - +2 falchion (flame) {long}
rCold   . . .      Faith    .   (no shield)
rNeg    . . .      Spirit   .   k - +0 chain mail
rPois   .          Reflect  .   (no helmet)
rElec   .          Harm     .   (no cloak)
rCorr   .          Rampage  .   j - +0 pair of gloves
Will    .....                   (no boots)
Stlth   ..........              (no amulet)
HPRegen 0.20/turn               (no ring)
MPRegen 0.10/turn               (no ring)

@: no status effects
A: no striking features
a: Renounce Religion, Smiting


You were on level 5 of the Dungeon.
You worshipped Beogh.
Beogh was pleased with you.
You visited 1 branch of the dungeon, and saw 5 of its levels.

You collected 115 gold pieces.


   Skills:
 + Level 4.8 Fighting
 - Level 0.7(3.9) Short Blades
 * Level 6.8 Long Blades
 + Level 3.5 Throwing
 + Level 3.4 Armour
 + Level 2.8 Dodging
 + Level 1.9 Stealth
 * Level 0.5 Invocations


You had 6 spell levels left.
You didn't know any spells.
Your spell library contained the following spells:

 Spells                   Type           Power      Damage    Failure   Level
 Chain Lightning          Conj/Air       0%         N/A       100%        9
 Fire Storm               Conj/Fire      0%         5d1       100%        9
 Shatter                  Erth           0%         3d5*      100%        9

Inventory:

Hand Weapons
 a - a +2 falchion of flaming (weapon) {long}
 d - a +1 dagger of draining {short}
   (You took it off a kobold on level 1 of the Dungeon)
 i - a +0 hand axe {axe}
   (You took it off an orc on level 3 of the Dungeon)
 s - a +0 spear {polearm}
   (You found it on level 3 of the Dungeon)
 v - a +0 war axe {axe}
   (You found it on level 5 of the Dungeon)
Missiles
 c - 161 stones {throwing}
 n - 2 datura-tipped darts {throwing}
 o - a boomerang (quivered) {throwing}
Armour
 j - a +0 pair of gloves (worn)
   (You found it on level 1 of the Dungeon)
 k - a +0 chain mail (worn)
   (You took it off a hobgoblin on level 1 of the Dungeon)
Wands
 q - a wand of flame (6)
   (You found it on level 4 of the Dungeon)
 w - a wand of iceblast (2)
   (You found it on level 5 of the Dungeon)
Scrolls
 l - 3 scrolls of silence {unknown}
 m - a scroll of fear
 t - 2 scrolls of blinking {!r}
 u - a scroll of amnesia
 x - 2 scrolls of identify {@r1}
Potions
 b - a potion of haste {unknown}
 e - a potion of lignification {unknown}
 f - 2 potions of berserk rage {!q}
 g - a potion of heal wounds {unknown}
 h - a potion of ambrosia {unknown}
 p - 3 potions of curing {@q1}
 r - 2 potions of brilliance {unknown}

Dungeon Overview and Level Annotations

Branches:
Dungeon (5/15)
 Temple: D:4-7

Altars:
Ashenzari
Cheibriados
Ru

..#... .......>... ......#..
....#####.....).#.............#..
....# $.#...........#. ....... .
....# $.$.$.$.$..... ...#...###
....# #.......................†
....#####.....#..................
.............g....#... #.)##.....
.#............)##)##.####........
.##....#.......g@..............##
...............#.........#...#..#
.#.............#.........#...#..#
.####..............#...........##
## #.................###......##
#......#.........###.......#
##.....##........## ##......#
#......####...#### #.....###
#.....## ##...## ##..###


You could see a gnoll shaman and a gnoll (fast).


Message History

😮 HP[+2]
You regained 2 hp, and now have 34/60 hp.
A gnoll comes into view. It is wielding a +0 spear.
The gnoll shouts! x2
Things that are here:
a +0 whip {mace}; a quokka corpse; a gnoll corpse You are too injured to fight recklessly!
Throw: boomerang {throwing}
Press: ? - help, Q - select action, (/) - cycle Shift-Dir - straight line, f - gnoll
Aim: a gnoll, wielding a +1 halberd of venom (64% to hit)
You throw a boomerang {throwing}.
The boomerang {throwing} hits the gnoll! 😮 HP[+1] Throw: boomerang {throwing}
Press: ? - help, Q - select action, (/) - cycle Shift-Dir - straight line, f/p - gnoll
Aim: a gnoll, wielding a +1 halberd of venom (heavily wounded, 64% to hit)
You throw a boomerang {throwing}.
The boomerang {throwing} closely misses the gnoll.
The boomerang {throwing} hits the gnoll.
The gnoll hits you from afar with a +1 halberd of venom.
You are poisoned. 😮 HP[-3]
You take 3 damage, and now have 32/60 hp.
You feel very sick. 😨 HP[-4]
You take 4 damage, and now have 28/60 hp.
A gnoll shaman comes into view. It is wielding a +0 club.
You feel sick.
The gnoll shaman shouts!
The gnoll barely misses you.
Things that are here:
a +0 whip {mace}; a quokka corpse; a gnoll corpse 😨 HP[-2]
You take 2 damage, and now have 26/60 hp.
You hit the gnoll. You burn the gnoll.
You feel sick.
The gnoll hits you from afar with a +0 spear.
* * * LOW HITPOINT WARNING * * *
The gnoll hits you with a +1 halberd of venom.
* * * LOW HITPOINT WARNING * * *
You are more poisoned. 😨 HP[-7]
You take 7 damage, and now have 19/60 hp.
You hit the gnoll. You burn the gnoll.
You kill the gnoll!
Beogh accepts your kill.
* * * LOW HITPOINT WARNING * * *
You feel very sick.
The gnoll hits you but does no damage. 😨 HP[-3]
You take 3 damage, and now have 16/60 hp.
* * * LOW HITPOINT WARNING * * *
You feel very sick. 😱 HP[-4]
You take 4 damage, and now have 12/60 hp.
It was a potion of curing.
You feel better.
The gnoll hits you from afar with a +0 spear.
* * * LOW HITPOINT WARNING * * *
😨 HP[+5]
You regained 5 hp, and now have 17/60 hp.
You are too injured to fight recklessly!
Throw: boomerang {throwing}
Press: ? - help, Q - select action, (/) - cycle Shift-Dir - straight line, f - gnoll
Aim: a gnoll, wielding a +0 spear (lightly wounded, 64% to hit)
You throw a boomerang {throwing}.
The boomerang {throwing} hits the gnoll!
The gnoll hits you but does no damage.
Throw: boomerang {throwing}
Press: ? - help, Q - select action, (/) - cycle Shift-Dir - straight line, f/p - gnoll
Aim: a gnoll, wielding a +0 spear (severely wounded, 64% to hit)
You throw a boomerang {throwing}.
The boomerang {throwing} hits the gnoll!
You kill the gnoll!
Beogh accepts your kill.
Throw: boomerang {throwing}
Press: ? - help, Q - select action, (/) - cycle Shift-Dir - straight line, f - gnoll shaman
Aim: a gnoll shaman, wielding a +0 club and wearing a +0 leather armour (64% to hit)
You throw a boomerang {throwing}.
The boomerang {throwing} closely misses the gnoll shaman.
The gnoll shaman calls upon its god to speed up something. 😨 HP[+1] Throw: boomerang {throwing}
Press: ? - help, Q - select action, (/) - cycle Shift-Dir - straight line, f/p - gnoll shaman
Aim: a gnoll shaman, wielding a +0 club and wearing a +0 leather armour (64% to hit)
You throw a boomerang {throwing}.
The boomerang {throwing} barely misses the gnoll shaman.
A gnoll comes into view. It is wielding a +0 halberd.
You completely miss the gnoll shaman.
The gnoll shouts!
The gnoll shaman hits you with a +0 club!
* * * LOW HITPOINT WARNING * * *
😱 HP[-10]
You take 10 damage, and now have 8/60 hp.
You hit the gnoll shaman. You burn the gnoll shaman.
The gnoll shaman hits you with a +0 club.
* * * LOW HITPOINT WARNING * * *
😱 HP[-6]
You take 6 damage, and now have 2/60 hp.
You closely miss the gnoll shaman.
The gnoll shaman hits you with a +0 club.
You die...

Skill      XL: |  1  2  3  4  5  6  7 |
---------------+----------------------+-----
Fighting       | 4 |  4.8
Long Blades    | 4 5 6 |  6.8
Throwing       | 1 2 3 |  3.5
Armour         | 1 2 3 |  3.4
Short Blades   | |  0.7
Dodging        | |  2.8
Stealth        | |  1.9
Invocations    | |  0.5

Action                   |  1- 3 |  4- 6 |  7- 9 || total
-------------------------+-------+-------+-------++-------
Melee: Falchion          |    32 |    70 |    76 ||   178
       Dagger            |    76 |     3 |       ||    79
       Punch             |       |     1 |     1 ||     2
Throw: Stone             |    40 |     2 |       ||    42
       Dart              |    27 |     5 |       ||    32
       Boomerang         |       |    35 |    12 ||    47
Invok: Convert to Beogh  |       |       |     1 ||     1
  Use: Scroll            |       |     7 |     2 ||     9
       Potion            |       |       |     1 ||     1
Armor: Robe              |    10 |       |       ||    10
       Chain mail        |     9 |    44 |    31 ||    84
       Ring mail         |     9 |       |       ||     9
Dodge: Dodged            |    57 |    23 |    27 ||   107

Levels and vault maps discovered:
D:1:      nicolae_arrival_memento_mori, layout_loops_ring, minmay_cupped
D:2:      layout_basic
D:3:      layout_basic, cheibriados_altar_1,
          chequers_ecumenical_altar_simple_redux, corexii_corridor_pit
D:4:      minmay_chambers_of_fours, layout_basic, lemuel_coloured_pillars_altar,
          grunt_decor_arrowhead, grunt_ministairs_1
D:5:      layout_cave_pools, nicolae_overflow_crystal_walls,
          grunt_gozag_breadcrumbs, minmay_temple_entry_waves, serial_park,
          serial_park_square1 [serial_park_minivault_5x5_1],
          serial_park_tiny_pond, serial_park_square1
          [serial_park_minivault_5x5_2]

Notes
Turn   | Place    | Note
-------+----------+-------------------------------------------
     0 | D:1      | mortz the Hill Orc Monk began the quest for the Orb.
     0 | D:1      | Reached XP level 1. HP: 19/19 MP: 1/1
     0 | D:1      | magus.rc [v1.9.6]
    54 | D:1      | Reached skill level 4 in Fighting
    54 | D:1      | Reached XP level 2. HP: 26/27 MP: 2/2
   398 | D:1      | Reached XP level 3. HP: 31/33 MP: 3/3
   399 | D:1      | Reached skill level 4 in Long Blades
  1362 | D:2      | Reached XP level 4. HP: 37/40 MP: 4/4
  1620 | D:3      | Reached skill level 1 in Throwing
  1640 | D:3      | Found a snail-covered altar of Cheibriados.
  1658 | D:3      | Found a faded altar of an unknown god.
  2072 | D:4      | Noticed a scorpion
  2073 | D:4      | Noticed an ogre
  2087 | D:3      | Killed a scorpion
  2088 | D:3      | Reached skill level 1 in Armour
  2088 | D:3      | Reached XP level 5. HP: 20/47 MP: 5/5
  2473 | D:4      | Killed an ogre
  2474 | D:4      | Reached skill level 2 in Throwing
  2474 | D:4      | Reached skill level 2 in Armour
  2474 | D:4      | Reached XP level 6. HP: 28/53 MP: 6/6
  2665 | D:4      | Noticed a necrophage
  2671 | D:4      | Killed a necrophage
  2672 | D:4      | Reached skill level 5 in Long Blades
  2693 | D:4      | Noticed an ice beast
  2723 | D:4      | Killed an ice beast
  2949 | D:4      | You pick up a book of Annihilations and begin reading...
  2949 | D:4      | You add the spells Chain Lightning, Fire Storm and Shatter
                  | to your library.
  3015 | D:4      | Reached XP level 7. HP: 54/60 MP: 7/7
  3301 | D:4      | Found a sacrificial altar of Ru.
  3629 | D:5      | Entered Level 5 of the Dungeon
  3650 | D:5      | Reached skill level 6 in Long Blades
  3698 | D:5      | Reached skill level 3 in Throwing
  3963 | D:5      | Became a worshipper of Beogh the Brigand
  3963 | D:5      | Reached * piety under Beogh
  3963 | D:5      | Reached ** piety under Beogh
  3965 | D:5      | Found a broken altar of Ashenzari.
  4039 | D:5      | Reached skill level 3 in Armour
  4368 | D:5      | HP: 12/60 [poisoned by a gnoll]
  4374 | D:5      | HP: 8/60 [gnoll shaman/+0 club (10)]
  4375 | D:5      | HP: 2/60 [gnoll shaman/+0 club (6)]
  4376 | D:5      | Slain by a gnoll shaman

Vanquished Creatures
  A water moccasin (D:5)
  An ice beast (D:4)
  An ogre (D:4)
  A necrophage (D:4)
  A bullfrog (D:5)
  A scorpion (D:3)
  A centaur zombie (D:5)
  A hound (D:5)
  2 jellies (D:4)
  An iguana (D:5)
  An orc wizard (D:5)
  4 gnolls (D:5)
  An adder skeleton (D:4)
  A worm (D:2)
  3 dart slugs
  8 orcs
  7 ball pythons
  5 bats
  6 endoplasms
  4 giant cockroaches
  8 goblins
  8 hobgoblins
  6 jackals
  11 kobolds
  4 quokkas
  5 frilled lizards
  3 rats
96 creatures vanquished.

Vanquished Creatures (collateral kills)
  2 orcs (D:3)
2 creatures vanquished.

Vanquished Creatures (others)
  A centaur (D:5)
  An orc wizard (D:5)
  An adder (D:5)
  2 orcs
5 creatures vanquished.

Grand Total: 103 creatures vanquished

Table legend:
 A = Non-vault XP
 B = Vault XP
 C = Vault XP percentage of total XP
 D = Non-vault monster count
 E = Vault monster count
 F = Vault count percentage of total count
                 A         B        C        D         E       F
            +---------+---------+-------+---------+---------+-------
      Total |     878 |     271 |  23.6 |      85 |      13 |  13.3
            +---------+---------+-------+---------+---------+-------
        D:1 |      52 |      10 |  16.1 |      30 |       5 |  14.3
        D:2 |      24 |       0 |   0.0 |      13 |       0 |   0.0
        D:3 |     117 |       0 |   0.0 |      14 |       0 |   0.0
        D:4 |     227 |     261 |  53.5 |      14 |       8 |  36.4
        D:5 |     458 |       0 |   0.0 |      14 |       0 |   0.0
            +---------+---------+-------+---------+---------+-------

Illustrated notes

Table legend:
 A = Kills in this place as a percentage of kills in entire the game.
 B = Kills by you in this place as a percentage of kills by you in the entire game.
 C = Kills by friends in this place as a percentage of kills by friends in the entire game.
 D = Other kills in this place as a percentage of other kills in the entire game.
 E = Experience gained in this place as a percentage of experience gained in the entire game.
 F = Experience gained in this place divided by the number of levels of this place that you have seen.
                   A       B       C       D       E      F
               +-------+-------+-------+-------+-------+----------------------
         Total | 100.0 | 100.0 | 100.0 |   N/A | 100.0 | 229.8
       Dungeon | 100.0 | 100.0 | 100.0 |   N/A | 100.0 | 229.8
               +-------+-------+-------+-------+-------+----------------------

Table legend: (Time is in decaauts)
 A = Elapsed time spent in this place.
 B = Non-inter-level travel time spent in this place.
 C = Inter-level travel time spent in this place.
 D = Time resting spent in this place.
 E = Time spent auto-exploring this place.
 F = Levels seen in this place.
 G = Mean time per level.
                   A        B        C        D        E       F      G
               +--------+--------+--------+--------+--------+-----+--------+
         Total |   4385 |   4205 |    180 |    310 |   3065 |   5 |  877.0 |
       Dungeon |   4385 |   4205 |    180 |    310 |   3065 |   5 |  877.0 |
               +--------+--------+--------+--------+--------+-----+--------+

Top non-repeatable levels by time:
     D:4: 1298 daAuts
     D:1: 1026 daAuts
     D:5: 746 daAuts
     D:3: 728 daAuts
     D:2: 586 daAuts
